 Dungeon Crawl Stone Soup version 0.29.1-2-gbd0b4ee654 (webtiles) character file.

Game seed: 1901241048081985339

4 H0rd4k the Charlatan (level 1, 0/13 HPs)
             Began as an Octopode Artificer on Nov 30, 2022.
             Slain by a kobold
             ... wielding a +0 club
              (4 damage)
             ... on level 1 of the Dungeon.
             The game lasted 00:00:18 (102 turns).

H0rd4k the Charlatan (Octopode Artificer)            Turns: 102, Time: 00:00:18

Health: 0/13       AC:  1    Str: 11    XL:     1   Next: 60%
Magic:  1/1        EV: 13    Int: 13    God:
Gold:   0          SH:  0    Dex: 12    Spells: 0/0 levels left

rFire   . . .      SeeInvis .   (no weapon)
rCold   . . .      Faith    .   (no shield)
rNeg    . . .      Spirit   .   (helmet restricted)
rPois   .          Reflect  .   (no amulet)
rElec   .          Harm     .   (no ring)
rCorr   .          Rampage  .   (no ring)
Will    .....                   (no ring)
Stlth   +++.......              (no ring)
HPRegen 0.04/turn               (no ring)
MPRegen 0.07/turn               (no ring)
                                (no ring)
                                (no ring)

@: no status effects
A: almost no armour, amphibious, 8 rings, camouflage 1, gelatinous body 1,
(nimble swimmer 1), tentacles
a: no special abilities


You were on level 1 of the Dungeon.
You visited 1 branch of the dungeon, and saw 1 of its levels.

Inventory:

Wands
 b - a wand of flame (15) (quivered)
 c - a wand of charming (15)
 d - a wand of iceblast (5)
Potions
 a - a potion of resistance {unknown}
 e - a potion of might {unknown}


   Skills:
 * Level 1.2 Fighting
 - Level 2.3 Dodging
 - Level 1.3 Stealth
 + Level 0.2 Unarmed Combat
 * Level 0.3 Spellcasting
 - Level 3.2 Evocations


You couldn't memorise any spells.
You didn't know any spells.
Your spell library was empty.

Dungeon Overview and Level Annotations

Branches:
Dungeon (1/15)

Altars:


Innate Abilities, Weirdness & Mutations

You cannot wear most types of armour.
You are amphibious.
You can wear up to eight rings at the same time.
Your skin changes colour to match your surroundings (Stealth+).
Your rubbery body absorbs attacks. (AC +1, EV +1)
((You are camouflaged when in or above water. (Stealth+)))
You have tentacles for arms and can constrict up to eight enemies at once.


Message History

You tentacle-slap the kobold. Your grab misses the kobold.
The kobold is moderately wounded.
The kobold hits you with a +0 whip.
There are monsters nearby!
You barely miss the kobold. You grab the kobold.
The kobold is moderately wounded.
You constrict the kobold, but do no damage.
The kobold barely misses you.
You barely miss the kobold.
The kobold is moderately wounded.
You constrict the kobold.
You kill the kobold!
There are monsters nearby!
There are monsters nearby!
The kobold hits you with a +0 club.
You see here a +0 whip.
There are monsters nearby!
You closely miss the hobgoblin. You grab the hobgoblin.
You squeeze the hobgoblin, but do no damage.
You constrict the hobgoblin, but do no damage.
The kobold hits you with a +0 club. The hobgoblin completely misses you.
There are monsters nearby!
You are too injured to fight recklessly!
You are too injured to fight recklessly!
You are too injured to fight recklessly!
There are monsters nearby!
There are monsters nearby!
You are too injured to fight recklessly!
You are too injured to fight recklessly!
There are monsters nearby!
You release your grip on the hobgoblin.
The hobgoblin attacks as you move away! The hobgoblin misses you.
The kobold attacks as you move away! The kobold hits you with a +0 club.
* * * LOW HITPOINT WARNING * * *
The kobold throws a stone.
The stone completely misses you. The kobold closely misses you.
You closely miss the kobold. Your grab misses the kobold.
Your squeeze misses the kobold. The kobold attacks as you move away!
The kobold hits you with a +0 club.
You die...

#.....# #....# ......# #.....##
#....# ......# #.....##.#....#
......### #.....##.#....##
#.......# #.....# .......
#.......# #.)...# #....#
#.......# #.....####....#
#.....†.##########.............##
#........>......@Kg#########...†.
#........#########.# #..###
#........# #.# #..# #........#
#.# #..# ########.#
#.#########..# #.# #............#
#.# ###########.## #.# #.# #.#
#.#


You could see a hobgoblin and a kobold.

Vanquished Creatures
  A hobgoblin (D:1)
  A ball python (D:1)
  A frilled lizard (D:1)
  A kobold (D:1)
  A rat (D:1)
5 creatures vanquished.

Notes
Turn   | Place    | Note
-------+----------+-------------------------------------------
     0 | D:1      | H0rd4k the Octopode Artificer began the quest for the Orb.
     0 | D:1      | Reached XP level 1. HP: 13/13 MP: 1/1
   102 | D:1      | Slain by a kobold

Illustrated notes

Levels and vault maps discovered:
D:1:      lightli_molten_gateway, layout_basic

Action                   || total
-------------------------++-------
Melee: Unarmed           ||    14
       Constrict         ||     5
       Tentacles         ||     5
 Stab: Sleeping          ||     1
Dodge: Dodged            ||    11
